[ AOE2 MATCH · #507889541 ]
UnrankedVietnamese vs Berbers
Player's team · LOSS
Rival team · WIN
[ REPLAY ANALYSIS · EXTRACTED FROM THE RECORDED GAME ]
Feudal
8:51
Castle
21:09
Imperial
—
| APM avg | 48.9 |
| APM peak | 104 |
| eAPM avg | 26.0 |
| Villagers / military | 103 / 83 |
Focus
⚔️ 36.6% · 🌾 63.4%
Fire Lancer ×39 · Skirmisher ×29 · Archer ×10 · Mangonel ×5
Feudal
11:36
Castle
19:28
Imperial
38:30
| APM avg | 91.3 |
| APM peak | 165 |
| eAPM avg | 47.9 |
| Villagers / military | 106 / 109 |
Focus
⚔️ 71.7% · 🌾 28.3%
Knight ×44 · Archer ×38 · Skirmisher ×10 · Monk ×5 · Mangonel ×4 · Militia ×3
Match map
Initial resources + every placement click. Lines = walls · curves = elevation contours. ◆ gold · ⬟ stone · ● berries · ✦ relic · ◌ wall gap
Your base· ✓ Closed at 21:09 · 29t walls · no gate
小蜜蜂's base· Open — opponent sealed themselves in
Smoothed initial terrain · ◌ = detected wall gap · hover for details
Inputs per minute
— LilyBear - - 小蜜蜂
Build order — LilyBear
First 150 of 313 actions detected
| 0:00 | Queue | Villager (Male) |
| 0:01 | Queue | Villager (Male) |
| 0:01 | Build | House |
| 0:02 | Build | House |
| 0:05 | Queue | Villager (Male) |
| 0:08 | Queue | Villager (Male) |
| 1:35 | Queue | Villager (Male) |
| 2:06 | Queue | Villager (Male) |
| 2:13 | Queue | Villager (Male) |
| 2:54 | Queue | Villager (Male) |
| 3:12 | Queue | Villager (Male) |
| 3:12 | Queue | Villager (Male) |
| 3:26 | Queue | Villager (Male) |
| 3:44 | Build | Lumber Camp |
| 3:59 | Build | House |
| 4:24 | Queue | Villager (Male) |
| 4:32 | Build | House |
| 4:38 | Queue | Villager (Male) |
| 5:09 | Queue | Villager (Male) |
| 5:34 | Build | Mill |
| 5:37 | Queue | Villager (Male) |
| 6:14 | Research | Loom |
| 6:36 | Research | Feudal Age |
| 7:57 | Build | Barracks |
| 8:01 | Build | Barracks |
| 8:27 | Queue | Villager (Male) |
| 8:50 | Build | Palisade Wall |
| 8:51 | Age | Feudal Age |
| 8:56 | Research | Double-Bit Axe |
| 9:14 | Queue | Villager (Male) |
| 9:18 | Build | Archery Range |
| 9:28 | Build | Palisade Wall |
| 9:31 | Queue | Villager (Male) |
| 9:34 | Queue | Villager (Male) |
| 9:40 | Queue | Villager (Male) |
| 9:58 | Research | Horse Collar |
| 10:01 | Queue | Archer |
| 10:19 | Queue | Villager (Male) |
| 10:22 | Queue | Villager (Male) |
| 10:40 | Queue | Villager (Male) |
| 10:43 | Build | Palisade Wall |
| 10:53 | Build | Mining Camp |
| 10:58 | Build | Farm |
| 10:59 | Build | Farm |
| 11:18 | Build | Farm |
| 11:32 | Build | Farm |
| 11:50 | Research | Town Watch |
| 11:56 | Build | House |
| 11:57 | Build | House |
| 12:03 | Queue | Archer |
| 12:22 | Research | Wheelbarrow |
| 12:27 | Build | Farm |
| 12:41 | Build | Farm |
| 12:41 | Queue | Villager (Male) |
| 12:47 | Build | House |
| 12:54 | Build | Farm |
| 13:07 | Build | Farm |
| 13:19 | Build | Palisade Wall |
| 13:22 | Queue | Villager (Male) |
| 13:26 | Build | Farm |
| 13:33 | Queue | Archer |
| 13:46 | Queue | Villager (Male) |
| 14:08 | Queue | Villager (Male) |
| 14:09 | Queue | Archer |
| 14:27 | Build | Palisade Wall |
| 14:29 | Queue | Villager (Male) |
| 14:34 | Build | Blacksmith |
| 14:37 | Build | House |
| 14:39 | Queue | Archer |
| 14:39 | Queue | Villager (Male) |
| 15:02 | Build | Farm |
| 15:14 | Build | Palisade Wall |
| 15:16 | Queue | Villager (Male) |
| 15:16 | Queue | Archer |
| 15:30 | Build | Farm |
| 15:36 | Queue | Archer |
| 15:49 | Research | Fletching |
| 15:49 | Queue | Villager (Male) |
| 15:59 | Build | Farm |
| 16:08 | Build | Farm |
| 16:13 | Queue | Villager (Male) |
| 16:14 | Queue | Archer |
| 16:30 | Queue | Villager (Male) |
| 16:55 | Queue | Villager (Male) |
| 16:56 | Build | Farm |
| 16:58 | Build | Farm |
| 17:19 | Queue | Archer |
| 17:25 | Build | House |
| 17:26 | Build | Palisade Wall |
| 17:33 | Queue | Villager (Male) |
| 17:36 | Research | Gold Mining |
| 17:43 | Queue | Skirmisher |
| 17:58 | Queue | Skirmisher |
| 18:01 | Queue | Villager (Male) |
| 18:27 | Build | Lumber Camp |
| 18:29 | Research | Castle Age |
| 18:30 | Research | Castle Age |
| 18:51 | Queue | Archer |
| 18:59 | Queue | Skirmisher |
| 19:21 | Build | Lumber Camp |
| 19:24 | Queue | Skirmisher |
| 19:27 | Build | Lumber Camp |
| 19:41 | Queue | Villager (Male) |
| 19:56 | Research | Padded Archer Armor |
| 19:59 | Queue | Skirmisher |
| 20:00 | Queue | Skirmisher |
| 20:17 | Queue | Villager (Male) |
| 20:34 | Queue | Villager (Male) |
| 20:42 | Queue | Skirmisher |
| 21:09 | Age | Castle Age |
| 21:14 | Queue | Villager (Male) |
| 21:18 | Build | Town Center |
| 21:19 | Queue | Skirmisher |
| 21:41 | Build | Town Center |
| 21:41 | Queue | Villager (Male) |
| 21:44 | Queue | Fire Lancer |
| 21:44 | Queue | Fire Lancer |
| 21:49 | Queue | Skirmisher |
| 21:52 | Research | Bodkin Arrow |
| 22:08 | Queue | Villager (Male) |
| 22:12 | Queue | Skirmisher |
| 22:20 | Queue | Villager (Male) |
| 22:23 | Queue | Skirmisher |
| 22:28 | Queue | Skirmisher |
| 22:28 | Queue | Skirmisher |
| 22:36 | Build | Palisade Wall |
| 22:36 | Queue | Villager (Male) |
| 22:50 | Queue | Villager (Male) |
| 23:07 | Queue | Skirmisher |
| 23:10 | Queue | Villager (Male) |
| 23:25 | Research | Bow Saw |
| 23:26 | Queue | Villager (Male) |
| 23:30 | Queue | Villager (Male) |
| 23:31 | Build | Farm |
| 23:32 | Build | Farm |
| 23:32 | Build | Farm |
| 23:32 | Build | Farm |
| 23:32 | Build | Farm |
| 23:33 | Build | Farm |
| 23:33 | Build | Farm |
| 23:35 | Queue | Villager (Male) |
| 23:37 | Queue | Skirmisher |
| 23:37 | Queue | Skirmisher |
| 23:39 | Queue | Fire Lancer |
| 23:41 | Queue | Fire Lancer |
| 23:52 | Build | House |
| 23:54 | Queue | Villager (Male) |
| 24:12 | Queue | Skirmisher |
| 24:24 | Queue | Skirmisher |
| 24:28 | Queue | Fire Lancer |
Build order — 小蜜蜂
First 150 of 374 actions detected
| 0:00 | Queue | Villager (Male) ×4 |
| 0:02 | Build | House |
| 0:02 | Build | House |
| 1:26 | Queue | Villager (Male) |
| 2:04 | Queue | Villager (Male) |
| 2:22 | Queue | Villager (Male) |
| 2:26 | Build | House |
| 2:50 | Queue | Villager (Male) |
| 2:52 | Build | Lumber Camp |
| 3:14 | Queue | Villager (Male) |
| 3:33 | Queue | Villager (Male) |
| 3:57 | Queue | Villager (Male) |
| 4:15 | Queue | Villager (Male) |
| 4:50 | Queue | Villager (Male) |
| 5:09 | Build | Barracks |
| 5:16 | Queue | Villager (Male) |
| 5:33 | Build | House |
| 5:35 | Queue | Villager (Male) |
| 6:04 | Build | Palisade Wall |
| 6:06 | Build | House |
| 6:07 | Queue | Militia |
| 6:09 | Queue | Villager (Male) |
| 6:11 | Queue | Militia |
| 6:35 | Queue | Militia |
| 6:38 | Queue | Villager (Male) |
| 6:44 | Build | Palisade Gate |
| 6:56 | Build | Palisade Gate |
| 7:03 | Queue | Villager (Male) |
| 7:17 | Build | Mill |
| 7:24 | Queue | Villager (Male) |
| 7:46 | Build | Mill |
| 7:47 | Queue | Villager (Male) |
| 8:02 | Build | House |
| 8:08 | Build | House |
| 8:18 | Queue | Villager (Male) |
| 8:23 | Research | Loom |
| 8:50 | Queue | Villager (Male) |
| 9:26 | Research | Feudal Age |
| 9:50 | Build | Farm |
| 9:51 | Build | Farm |
| 9:51 | Build | Farm |
| 9:52 | Build | Farm |
| 9:58 | Build | Farm |
| 10:02 | Build | Mining Camp |
| 10:50 | Build | Farm |
| 10:52 | Build | Farm |
| 10:56 | Build | Farm |
| 11:13 | Queue | Villager (Male) |
| 11:36 | Age | Feudal Age |
| 11:39 | Build | Archery Range |
| 11:40 | Research | Double-Bit Axe |
| 12:00 | Queue | Villager (Male) |
| 12:06 | Build | Palisade Wall |
| 12:22 | Queue | Villager (Male) |
| 12:32 | Build | Palisade Wall |
| 12:35 | Queue | Archer |
| 12:43 | Queue | Villager (Male) |
| 13:07 | Queue | Archer |
| 13:08 | Queue | Villager (Male) |
| 13:19 | Build | Palisade Wall |
| 13:36 | Build | Palisade Wall |
| 13:44 | Build | House |
| 13:46 | Queue | Villager (Male) |
| 13:47 | Queue | Archer |
| 14:03 | Queue | Villager (Male) |
| 14:06 | Queue | Archer |
| 14:14 | Build | Blacksmith |
| 14:16 | Build | House |
| 14:31 | Queue | Villager (Male) |
| 14:34 | Build | Farm |
| 14:36 | Build | Farm |
| 14:53 | Build | House |
| 14:55 | Queue | Villager (Male) |
| 15:01 | Queue | Archer |
| 15:02 | Research | Fletching |
| 15:10 | Build | Farm |
| 15:10 | Queue | Villager (Male) |
| 15:25 | Queue | Archer |
| 15:32 | Build | Farm |
| 15:37 | Queue | Archer |
| 15:49 | Build | House |
| 15:49 | Queue | Villager (Male) |
| 16:06 | Queue | Villager (Male) |
| 16:12 | Build | Farm |
| 16:26 | Build | House |
| 16:47 | Queue | Skirmisher |
| 16:48 | Research | Castle Age |
| 16:51 | Build | Archery Range |
| 16:56 | Build | House |
| 17:05 | Queue | Skirmisher |
| 17:36 | Research | Horse Collar |
| 17:37 | Research | Gold Mining |
| 17:52 | Queue | Skirmisher |
| 17:56 | Build | Farm |
| 18:05 | Queue | Skirmisher |
| 18:20 | Queue | Skirmisher |
| 18:53 | Queue | Villager (Male) |
| 19:11 | Queue | Skirmisher |
| 19:28 | Age | Castle Age |
| 19:32 | Research | Bodkin Arrow |
| 19:54 | Queue | Villager (Male) |
| 19:58 | Queue | Archer |
| 19:58 | Queue | Archer |
| 20:02 | Research | Crossbowman (upgrade) |
| 20:04 | Build | Farm |
| 20:07 | Queue | Villager (Male) |
| 20:20 | Queue | Archer |
| 20:22 | Queue | Villager (Male) |
| 20:24 | Build | Farm |
| 20:41 | Queue | Archer |
| 20:48 | Queue | Archer |
| 21:04 | Queue | Villager (Male) |
| 21:06 | Build | Stable |
| 21:23 | Build | Lumber Camp |
| 21:24 | Queue | Villager (Male) |
| 21:31 | Queue | Archer |
| 21:32 | Queue | Archer |
| 21:42 | Queue | Knight |
| 21:50 | Research | Scale Barding Armor |
| 21:51 | Queue | Villager (Male) |
| 21:58 | Queue | Knight |
| 21:59 | Queue | Villager (Male) |
| 22:03 | Build | Monastery |
| 22:11 | Queue | Knight |
| 22:12 | Queue | Villager (Male) |
| 22:15 | Queue | Archer |
| 22:15 | Queue | Archer |
| 22:26 | Queue | Knight |
| 22:28 | Queue | Villager (Male) |
| 22:36 | Queue | Archer |
| 22:37 | Queue | Archer |
| 23:03 | Queue | Villager (Male) |
| 23:20 | Queue | Archer |
| 23:20 | Queue | Archer |
| 23:21 | Queue | Villager (Male) |
| 23:26 | Build | Siege Workshop |
| 23:30 | Queue | Villager (Male) |
| 23:30 | Queue | Monk |
| 23:34 | Build | House |
| 23:35 | Build | House |
| 23:42 | Queue | Knight |
| 24:02 | Research | Wheelbarrow |
| 24:05 | Queue | Archer |
| 24:05 | Queue | Archer |
| 24:33 | Queue | Archer |
| 24:33 | Queue | Archer |
| 24:44 | Queue | Mangonel |
| 24:48 | Queue | Knight |
| 24:49 | Queue | Villager (Male) |
| 24:49 | Queue | Archer |
Match timeline
| 5:09 | 小蜜蜂 · first_building Barracks |
| 6:04 | 小蜜蜂 · wall_segment Palisade Wall x1 |
| 7:57 | LilyBear · first_building Barracks |
| 8:50 | LilyBear · wall_segment Palisade Wall x1 |
| 8:51 | LilyBear · age_up feudal |
| 9:18 | LilyBear · first_building Archery Range |
| 9:28 | LilyBear · wall_segment Palisade Wall x1 |
| 10:43 | LilyBear · wall_segment Palisade Wall x1 |
| 11:36 | 小蜜蜂 · age_up feudal |
| 11:39 | 小蜜蜂 · first_building Archery Range |
| 12:06 | 小蜜蜂 · wall_segment Palisade Wall x11 |
| 12:32 | 小蜜蜂 · wall_segment Palisade Wall x9 |
| 13:19 | LilyBear · wall_segment Palisade Wall x5 |
| 13:19 | 小蜜蜂 · wall_segment Palisade Wall x5 |
| 13:36 | 小蜜蜂 · wall_segment Palisade Wall x15 |
| 14:27 | LilyBear · wall_segment Palisade Wall x7 |
| 15:14 | LilyBear · wall_segment Palisade Wall x8 |
| 17:26 | LilyBear · wall_segment Palisade Wall x6 |
| 19:28 | 小蜜蜂 · age_up castle |
| 21:06 | 小蜜蜂 · first_building Stable |
| 21:09 | LilyBear · age_up castle |
| 22:03 | 小蜜蜂 · first_building Monastery |
| 22:36 | LilyBear · wall_segment Palisade Wall x1 |
| 23:26 | 小蜜蜂 · first_building Siege Workshop |
| 25:06 | LilyBear · first_building Siege Workshop |
| 31:49 | LilyBear · first_building Castle |
| 32:41 | LilyBear · wall_segment Palisade Wall x1 |
| 33:02 | LilyBear · wall_segment Palisade Wall x1 |
| 33:08 | LilyBear · wall_segment Palisade Wall x1 |
| 33:20 | LilyBear · wall_segment Palisade Wall x1 |
| 34:08 | LilyBear · wall_segment Palisade Wall x1 |
| 34:30 | LilyBear · wall_segment Stone Wall x1 |
| 34:33 | LilyBear · wall_segment Stone Wall x1 |
| 34:35 | LilyBear · wall_segment Stone Wall x1 |
| 34:41 | LilyBear · wall_segment Stone Wall x1 |
| 34:56 | 小蜜蜂 · first_building Castle |
| 36:59 | LilyBear · wall_segment Stone Wall x1 |
| 38:30 | 小蜜蜂 · age_up imperial |
| 38:52 | 小蜜蜂 · first_market_sell 100 wood |
| 39:20 | 小蜜蜂 · first_market_buy 100 food |
| 39:29 | LilyBear · resign |
[ AI ANALYSIS · 1 CREDIT ]
What really happened in this match?
Wolo.gg analyzes every decision: build order, eco, micro, common mistakes by bracket. Personalized analysis on WhatsApp or Discord in 30 seconds.
Civ guide
Vietnamese
Perfil
Jugador #4153011